Match 43046760
Unlisted

Match 43046760
End
Construct Barracks
Selects Armored Battlegroup
Selects Veteran Crews
1⁄4-ton 4x4 Truck
Riflemen Squad
Riflemen Squad
Grenade Package
Riflemen Squad
Construct Medical Station
Mechanized Support Center
Selects Strength in Steel
M1918 Browning Automatic Rifles
Engineer Squad
Riflemen Squad
Selects M8 Scott SPG
M8 Scott SPG
Construct Tank Depot
Designate Forward Repair Station
Selects UNKNOWN (2160077)
Selects M31 Recovery Vehicle
M4A3E8 Sherman Easy Eight
Selects War Machine
Selects War Machine
Riflemen Squad
Improvised Armor
Designate Forward Repair Station
M4A3E8 Sherman Easy Eight
LoCo|StetoGuy
Iron_Sarge69
哎呀妈呀
Gi
Turtleboy
Starsilver
0
0

Comments sign in to comment!

No comments posted yet!